 Dungeon Crawl Stone Soup version 0.25-a0-869-g05d4e06a41 (webtiles) character file.

Game seed: 7260979410342643819, levelgen mode: deterministic

15 Flugkiller the Vexing (level 2, -1/16 HPs)
             Began as a Kobold Arcane Marksman on Apr 30, 2020.
             Slain by a quokka (4 damage)
             ... on level 2 of the Dungeon.
             The game lasted 00:01:09 (783 turns).

Flugkiller the Vexing (Kobold Arcane Marksman)       Turns: 783, Time: 00:01:09

Health: -1/16      AC:  2    Str:  7    XL:     2   Next: 65%
Magic:  4/4        EV: 15    Int: 14    God:
Gold:   56         SH:  0    Dex: 15    Spells: 3/4 levels left

rFire    . . .     SeeInvis .   b - +0 short sword
rCold    . . .     Gourm    .   (shield restricted)
rNeg     . . .     Faith    .   e - +0 robe
rPois    .         Spirit   .   (no helmet)
rElec    .         Reflect  .   (no cloak)
rCorr    .         Harm     .   (no gloves)
MR       .....                  (no boots)
Stlth    +.........             (no amulet)
HPRegen  0.05/turn              (no ring)
MPRegen  0.09/turn              (no ring)

@: no status effects
A: small, carnivore
a: no special abilities


You were on level 2 of the Dungeon.
You were completely stuffed.

You visited 1 branch of the dungeon, and saw 2 of its levels.

You collected 56 gold pieces.

Inventory:

Hand Weapons
 a - a +0 hand crossbow
 b - a +0 short sword (weapon)
   (You took it off a kobold on level 1 of the Dungeon)
Missiles
 d - 15 bolts
Armour
 e - a +0 robe (worn)
Scrolls
 g - a scroll of enchant weapon {unknown}
 h - 2 scrolls of teleportation {unknown}
 i - a scroll of magic mapping {unknown}
Potions
 c - a potion of magic {unknown}
Comestibles
 f - a ration
 j - a chunk of flesh


   Skills:
 - Level 1.1 Fighting
 - Level 2.4 Crossbows
 - Level 2.4 Dodging
 + Level 1.9 Spellcasting
 + Level 3.4 Hexes


You had 3 spell levels left.
You knew the following spells:

 Your Spells              Type           Power        Failure   Level  Hunger
a - Corona                Hex            ##.....      6%          1    ##.....

Your spell library contained the following spells:

 Spells                   Type           Power        Failure   Level  Hunger
 Slow                     Hex            ##......     9%          2    ###....
 Inner Flame              Hex/Fire       #.......     34%         3    ####...
 Portal Projectile        Hex/Tloc       #.....       34%         3    ####...
 Cause Fear               Hex            ##........   52%         4    #####..
 Leda's Liquefaction      Hex/Erth       #.........   75%         4    #####..


Dungeon Overview and Level Annotations

Branches:
Dungeon (2/15)

Altars:


Innate Abilities, Weirdness & Mutations

You are small and have problems with some larger weapons.
You are carnivorous and can eat meat at any time.


Message History

You climb downwards.
There is a stone staircase leading up here.
Unknown command.
Found a plate armour.
As you open the door, it creaks loudly!
There is an open door here.
Found a stone staircase leading down.
Found 5 gold pieces.
No target in view!
You now have 56 gold pieces (gained 5).
A frilled lizard comes into view.
A frilled lizard is nearby!
A frilled lizard is nearby!
You barely miss the frilled lizard.
The frilled lizard barely misses you. x2
A quokka comes into view.
You barely miss the frilled lizard. The frilled lizard barely misses you.
You hit the frilled lizard.
You kill the frilled lizard!
No target in view!
No target in view!
No target in view!
No target in view!
No target in view!
The quokka is too close now for your liking.
You see here a frilled lizard corpse.
The quokka bites you.
You closely miss the quokka. The quokka misses you. The quokka bites you.
Some of the chunks of flesh in your inventory have rotted away.
You are too injured to fight recklessly!
You are too injured to fight recklessly!
You are too injured to fight recklessly!
You are too injured to fight recklessly!
You are too injured to fight recklessly!
You are too injured to fight recklessly!
You are too injured to fight recklessly!
You hit the quokka but do no damage. The quokka barely misses you.
You barely miss the quokka. The quokka bites you.
* * * LOW HITPOINT WARNING * * *
You closely miss the quokka. The quokka misses you.
The quokka barely misses you.
You barely miss the quokka. The quokka bites you.
* * * LOW HITPOINT WARNING * * *
You hit the quokka but do no damage. The quokka barely misses you.
Unknown command.
The quokka closely misses you.
You see here a frilled lizard corpse.
The quokka completely misses you. The quokka closely misses you.
The quokka bites you.
You die...

######.......##.#
.....[.......##.#
.............##.#
........#'##.##.#
........#.##.##.#
##....###..#.# .
#.... ##.#.##. ..
#.... #....#....
####
#@#..#..#####
#r.###..#...#
#.......+...
##..##.....
##.##....##
#.##.....#
#.##.....# #
#..#.....#### ..
##.#........#...


You could see a quokka.

Vanquished Creatures
  A goblin (D:1)
  2 hobgoblins (D:1)
  A ball python (D:1)
  3 bats (D:1)
  3 frilled lizards
  4 kobolds (D:1)
  4 rats (D:1)
18 creatures vanquished.

Notes
Turn   | Place    | Note
-------+----------+-------------------------------------------
     0 | D:1      | Flugkiller the Kobold Arcane Marksman began the quest for
                  | the Orb.
     0 | D:1      | Reached XP level 1. HP: 12/12 MP: 2/2
   254 | D:1      | Reached XP level 2. HP: 14/16 MP: 4/4
   783 | D:2      | Slain by a quokka

Levels and vault maps discovered:
D:1:      nicolae_arrival_washed_ashore, layout_rooms, serial_park_tiny_1,
          st_stairs_6
D:2:      layout_basic, minmay_statues_item, evilmike_ruin_ashenzari

Action                   || total
-------------------------++-------
Melee: Short sword       ||    47
 Fire: Hand crossbow     ||    24
  Eat: Chunk             ||     8
Armor: Robe              ||     7
Dodge: Dodged            ||    66

Table legend:
 A = Non-vault XP
 B = Vault XP
 C = Vault XP percentage of total XP
 D = Non-vault monster count
 E = Vault monster count
 F = Vault count percentage of total count
                 A         B        C        D         E       F
            +---------+---------+-------+---------+---------+-------
      Total |      19 |       3 |  13.6 |      16 |       2 |  11.1
            +---------+---------+-------+---------+---------+-------
        D:1 |      18 |       3 |  14.3 |      15 |       2 |  11.8
        D:2 |       1 |       0 |   0.0 |       1 |       0 |   0.0
            +---------+---------+-------+---------+---------+-------
